 Dungeon Crawl Stone Soup version 0.31-a0-182-gc5ef74bbde (webtiles) character file.

Game seed: 12775648740221547174

137 Jerej03 the Chiller (level 5, -2/36 HPs)
             Began as a Demonspawn Ice Elementalist on June 21, 2023.
             Slain by a kobold brigand
             ... wielding a +0 short sword
              (5 damage)
             ... in a sewer.
             The game lasted 00:13:53 (2878 turns).

Jerej03 the Chiller (Demonspawn Ice Elementalist)   Turns: 2878, Time: 00:13:54

Health: -2/36      AC:  3    Str:  8    XL:     5   Next: 0%
Magic:  7/9        EV: 11    Int: 19    God:
Gold:   70         SH:  0    Dex: 15    Spells: 5/9 levels left

rFire   . . .        h - +0 dagger (venom)
rCold   . . .        (no shield)
rNeg    . . .        k - +0 leather armour
rPois   .            (helmet restricted)
rElec   .            (no cloak)
rCorr   .            (no gloves)
SInv    .            (no boots)
Will    .....        (no amulet)
Stlth   ++           (no ring)
HPRegen 0.26/turn    (no ring)
MPRegen 0.11/turn

%: no passive effects
@: slowed, very slow
A: horns 1, thin skeletal structure 1
a: no special abilities


You were in a sewer.
You visited 1 branch of the dungeon, and saw 3 of its levels.
You also visited: Sewer.

You collected 70 gold pieces.

Inventory:

Hand Weapons
 h - a +0 dagger of venom (weapon)
Missiles
 e - 5 javelins
 f - 8 poisoned darts (quivered)
Armour
 a - a +0 robe
 k - a +0 leather armour (worn)
Scrolls
 g - a scroll of identify {unknown}
 j - a scroll of vulnerability {unknown}
 l - a scroll of poison {unknown}
Potions
 b - a potion of magic
 c - 3 potions of resistance {unknown}
 d - 3 potions of curing {unknown}
 i - a potion of might {unknown}


   Skills:
 + Level 0.6 Fighting
 + Level 0.4 Short Blades
 + Level 1.0 Armour
 + Level 2.0 Dodging
 + Level 1.9 Stealth
 + Level 2.8 Spellcasting
 + Level 4.8 Ice Magic


You had 5 spell levels left.
You knew the following spells:

 Your Spells              Type           Power      Damage    Failure   Level
a - Freeze                Ice            84%        1d9       3%          1
b - Frozen Ramparts       Ice            42%        1d7       9%          3

Your spell library contained the following spells:

 Spells                   Type           Power      Damage    Failure   Level
 Ozocubu's Armour         Ice            21%        N/A       9%          3
 Lesser Beckoning         Tloc           4%         N/A       32%         2
 Gell's Gravitas          Tloc           2%         N/A       54%         3
 Teleport Other           Tloc           2%         N/A       54%         3
 Summon Ice Beast         Ice/Summ       11%        N/A       63%         4


Dungeon Overview and Level Annotations

Branches:
Dungeon (3/15)              Sewer (1/1)

Altars:


Innate Abilities, Weirdness & Mutations

You have a pair of small horns on your head.
You have a somewhat thin skeletal structure. (Dex +2, Stealth+)


Message History

Moving in this stuff is going to be slow.
Casting: Frozen Ramparts (dangerous; 9% risk of failure)
Confirm with . or Enter, or press ? or * to list all spells.
Casting: Frozen Ramparts (dangerous; 9% risk of failure)
Press: ? - help, Dir - look around, f - activate Some shallow water.
The walls around you are covered in ice.
The wall freezes the kobold brigand.
The kobold brigand throws a curare-tipped dart.
The curare-tipped dart hits you.
You are poisoned.
You have difficulty breathing.
You feel yourself slow down.
You feel very sick.
The wall freezes the kobold brigand.
Your unstable footing causes you to fumble your attack.
You feel very sick.
The wall freezes the kobold brigand!
The kobold brigand splashes around in the water.
Your unstable footing causes you to fumble your attack.
You feel very sick.
The wall freezes the kobold brigand but does no damage.
The kobold brigand hits you with a +0 short sword!
* * * LOW HITPOINT WARNING * * *
The wall freezes the kobold brigand.
The kobold brigand barely misses you.
You hit the kobold brigand but do no damage.
The kobold brigand is poisoned.
Your headbutt misses the kobold brigand.
The kobold brigand is heavily wounded.
You feel sick.
The wall freezes the kobold brigand.
The kobold brigand closely misses you.
Your unstable footing causes you to fumble your attack.
The frozen ramparts melt away.
You feel sick.
The kobold brigand barely misses you. x2
Your unstable footing causes you to fumble your attack.
You feel sick. The kobold brigand barely misses you.
Your unstable footing causes you to fumble your attack.
You feel sick.
You are no longer poisoned.
The kobold brigand hits you with a +0 short sword.
You die...

#~#..~.P
#~#..~~#
~~.~..#
.....##
~~~..# ....#
#########.PP#
~~~~~~K@~.P.#
#########P..#
###.........#
#PP...∩∩....#
..#~#....≈≈##
#.≈≈≈≈≈#
#≈≈≈≈≈##
#≈≈≈≈≈#
#≈≈####


You could see a kobold brigand (very poisoned).

Vanquished Creatures
  An orc wizard (D:3)
  2 river rats (D:3)
  An adder (D:2)
  3 worms
  A dart slug (D:2)
  3 orcs (D:3)
  6 ball pythons
  4 endoplasms
  3 giant cockroaches
  7 hobgoblins
  10 jackals
  9 kobolds
  4 quokkas
  7 bats
  2 frilled lizards
  3 goblins
  2 rats
68 creatures vanquished.

Notes
Turn   | Place    | Note
-------+----------+-------------------------------------------
     0 | D:1      | Jerej03 the Demonspawn Ice Elementalist began the quest for
                  | the Orb.
     0 | D:1      | Reached XP level 1. HP: 13/13 MP: 3/3
     1 | D:1      | Noticed an electric eel
    76 | D:1      | Found a faded altar of an unknown god.
   384 | D:1      | Reached skill level 4 in Ice Magic
   384 | D:1      | Gained mutation: You have a pair of small horns on your
                  | head. [demonic ancestry]
   384 | D:1      | Reached XP level 2. HP: 19/19 MP: 1/5
  1093 | D:2      | Reached XP level 3. HP: 4/24 MP: 0/6
  1240 | D:2      | Learned a level 3 spell: Frozen Ramparts
  2374 | D:2      | Reached XP level 4. HP: 30/31 MP: 3/7
  2826 | D:3      | Reached skill level 1 in Armour
  2858 | D:3      | Gained mutation: You have a somewhat thin skeletal
                  | structure. (Dex +2, Stealth+) [demonic ancestry]
  2858 | D:3      | Reached XP level 5. HP: 36/36 MP: 7/9
  2860 | D:3      | Found a glowing drain.
  2864 | Sewer    | Entered a sewer
  2878 | Sewer    | Slain by a kobold brigand

Illustrated notes

Levels and vault maps discovered:
D:1:      arrival_aquarium_a, layout_basic, basic_ecumenical_altar
D:2:      layout_basic
D:3:      layout_loops_ring, led_sif_pool, gup_sewer_entry_spiral,
          small_statue_intersection, grunt_ministairs_12, st_stairs_4,
          minmay_lizard_king
Sewer:    sewer_co_scattered_pipes

Skill      XL: |  1  2  3  4 |
---------------+-------------+-----
Ice Magic      | 4 |  4.8
Dodging        | 2 |  2.0
Armour         | 1 |  1.0
Fighting       | |  0.6
Short Blades   | |  0.4
Stealth        | |  1.9
Spellcasting   | |  2.8

Action                     |  1- 3 |  4- 6 || total
---------------------------+-------+-------++-------
  Melee: Unarmed           |     1 |       ||     1
         Short sword       |     9 |       ||     9
         Dagger            |    15 |    52 ||    67
         Headbutt          |     4 |     7 ||    11
         Punch             |     1 |       ||     1
   Cast: Freeze            |    55 |     3 ||    58
         Frozen Ramparts   |    11 |     8 ||    19
   Stab: Sleeping          |       |     1 ||     1
 Armour: Robe              |    11 |       ||    11
         Leather armour    |     3 |     8 ||    11
  Dodge: Dodged            |    38 |    32 ||    70

Table legend: (Time is in decaauts)
 A = Elapsed time spent in this place.
 B = Non-inter-level travel time spent in this place.
 C = Inter-level travel time spent in this place.
 D = Time resting spent in this place.
 E = Time spent auto-exploring this place.
 F = Levels seen in this place.
 G = Mean time per level.
                   A        B        C        D        E       F      G
               +--------+--------+--------+--------+--------+-----+--------+
         Total |   2898 |   2837 |     61 |     86 |   2226 |   4 |  724.5 |
       Dungeon |   2881 |   2820 |     61 |     86 |   2226 |   3 |  960.3 |
         Sewer |     17 |     17 |      0 |      0 |      0 |   1 |   17.0 |
               +--------+--------+--------+--------+--------+-----+--------+

Top non-repeatable levels by time:
     D:2: 1449 daAuts
     D:1: 1026 daAuts
     D:3: 405 daAuts
   Sewer: 17 daAuts
